Map: Dusty Gorge

Players

COLESLAW - Winner!

  • Race: Terran Terran
  • League: Platinum
  • Spawn Location: 9:00

ummmmmmidk - Winner!

  • Race: Protoss Protoss
  • League: Platinum
  • Spawn Location: 11:00

OpuS

  • Race: Protoss Protoss
  • League: Diamond
  • Spawn Location: 5:00

Sketchaphone

  • Race: Zerg Zerg
  • League: Gold
  • Spawn Location: 3:00

VOD

Have the link to the VOD?

Description

Time

  • Played on: Jan. 21, 2019, 7:37 p.m.
  • Length: 12:01
Show
View Real Time Build Order
Export as new Build Order

COLESLAW Terran - Winner!

Build Orders:  

Get SALT Encoding   

  12  0:02  SCV  
  13  0:14  SCV  
  13  0:20  Supply Depot  
  14  0:27  SCV  
  15  0:34  Refinery  
  15  0:42  SCV  
  16  0:46  Barracks  
  16  0:54  SCV  
  17  1:06  SCV  
  18  1:18  SCV  
  19  1:30  SCV  
  20  1:34  Supply Depot  
  20  1:43  Orbital Command  
  21  1:47  Reaper  
  21  2:09  Command Center  
  21  2:10  SCV  
  22  2:20  Factory  
  22  2:22  SCV  
  23  2:25  Marine  
  24  2:34  SCV  
  25  2:43  Marine  
  26  2:45  Refinery  
  26  2:46  SCV  
  27  2:52  Supply Depot  
  27  2:58  SCV  
  27  3:01  Marine  
  29  3:07  Engineering Bay  
  29  3:13  Factory Tech Lab  
  29  3:19  Marine  
  30  3:20  Starport  
  30  3:26  Orbital Command  
  30  3:34  Siege Tank  
  33  3:36  Marine  
  33  3:37  Barracks  
  34  3:43  Terran Infantry Weapons Level 1  
  34  3:46  SCV  
  35  3:52  SCV  
  35  3:54  Marine  
  37  3:58  SCV  
  37  4:00  Medivac  
  40  4:06  SCV  
  41  4:10  SCV  
  41  4:12  Marine  
  43  4:18  SCV  
  43  4:23  Hellion  
  46  4:26  Marine  
  46  4:29  Medivac  
  46  4:30  Marine, SCV  
  46  4:31  Supply Depot  
  51  4:34  Refinery, SCV  
  52  4:42  SCV  
  52  4:44  Marine  
  54  4:52  Marine  
  55  4:53  Supply Depot  
  55  4:57  Siege Tank  
  58  5:01  Marine  
  59  5:08  Medivac  
  59  5:10  SCV  
  62  5:15  Marine, SCV  
  62  5:19  Marine  
  65  5:22  SCV  
  65  5:24  Supply Depot  
  65  5:27  SCV  
  67  5:33  Marine  
  67  5:34  Barracks  
  68  5:37  Marine  
  69  5:45  Medivac  
  69  5:47  Supply Depot  
  59  6:21  Marine  
  59  6:22  Marine  
  56  6:29  Barracks Tech Lab  
  56  6:33  Terran Infantry Armor Level 1  
  56  6:34  Barracks  
  56  6:35  SCV  
  56  6:36  SCV  
  56  6:39  Marine x2, Refinery  
  59  6:41  Medivac  
  62  6:48  Marine  
  63  6:57  Marine x2  
  65  7:06  Marine  
  65  7:08  Siege Tank  
  69  7:09  Combat Shield  
  69  7:15  Marine x2, SCV x2  
  72  7:16  Viking  
  75  7:25  Barracks, Marauder  
  77  7:33  Marine x2  
  79  7:45  Marine  
  79  7:59  Marine x3  
  79  8:03  Marine  
  83  8:17  Marine x3  
  77  8:22  Marauder  
  76  8:28  Missile Turret  
  76  8:32  Marine, Missile Turret  
  77  8:34  Marine  
  77  8:35  Marine x2  
  77  8:38  Medivac  
  77  8:39  Supply Depot  
  82  8:43  Marauder  
  84  8:50  Marine  
  84  8:52  Marine x2  
  84  8:53  Armory, Marine  
  88  8:59  Cyclone  
  88  9:01  SCV x2, Supply Depot  
  93  9:04  Marine  
  93  9:07  Missile Turret  
  93  9:08  Medivac, Marine, Missile Turret  
  97  9:10  Marine x3  
  97  9:13  Missile Turret, SCV x2  
  102  9:20  Missile Turret  
  102  9:22  Marine  
  103  9:25  SCV  
  103  9:26  Marine  
  103  9:28  Marine x3  
  103  9:30  Missile Turret  
  108  9:31  Cyclone, Missile Turret  
  108  9:38  Medivac  
  113  9:39  Marine  
  113  9:44  Marine  
  115  9:46  Marine x3  
  115  9:47  Command Center  
  118  9:57  Marine  
  119  10:02  Marine  
  119  10:03  Marine  
  119  10:04  Marine x2  
  123  10:15  Marine  
  123  10:19  Marine  
  122  10:21  Medivac, Marine  
  122  10:22  Marine x2  
  120  10:33  Marine  
  121  10:37  Marine  
  121  10:39  Marine x3  
  118  10:51  Medivac, Marauder  
  118  10:55  Marine, SCV  
  118  10:56  SCV  
  118  10:57  Marine x3  
  118  11:08  SCV x2  
  120  11:12  Marine  
  120  11:13  Marine  
  120  11:15  Marine x3  
  124  11:20  SCV  
  124  11:21  Medivac  
  127  11:30  Marine  
  127  11:31  Marine  
  128  11:33  Marine x3  
Show
View Real Time Build Order
Export as new Build Order

ummmmmmidk Protoss - Winner!

Build Orders: Oracle Opening, Carriers 

Get SALT Encoding   

  12  0:02  Probe  
  13  0:14  Probe  
  14  0:20  Pylon  
  14  0:26  Probe  
  15  0:31  Assimilator  
  15  0:44  Gateway  
  15  0:47  Probe  
  16  0:54  Assimilator  
  16  0:55  Probe  
  16  1:03  Probe  
  17  1:11  Probe  
  19  1:19  Probe  
  20  1:27  Probe  
  20  1:32  Cybernetics Core  
  21  1:39  Probe  
  21  1:51  Probe  
  22  2:00  Pylon  
  22  2:04  Probe  
  23  2:18  Stargate  
  23  2:20  Stargate  
  23  2:34  Probe  
  24  2:54  Nexus, Oracle  
  24  2:59  Oracle  
  30  3:17  Pylon  
  30  3:35  Void Ray  
  34  3:46  Probe  
  35  3:55  Void Ray  
  39  4:06  Probe  
  39  4:09  Probe  
  41  4:10  Pylon  
  41  4:18  Probe  
  42  4:34  Void Ray  
  43  4:43  Probe x2  
  45  4:50  Void Ray  
  49  4:54  Probe  
  49  4:55  Probe, Assimilator  
  49  4:59  Assimilator  
  51  5:02  Probe  
  51  5:03  Probe  
  52  5:10  Probe  
  52  5:11  Probe  
  53  5:18  Void Ray  
  59  5:26  Probe x2  
  61  5:38  Probe  
  62  5:42  Pylon  
  62  5:46  Forge  
  62  5:48  Pylon  
  62  5:52  Cybernetics Core  
  62  5:54  Protoss Air Weapons Level 1  
  62  6:00  Probe  
  62  6:01  Probe  
  64  6:13  Probe  
  64  6:15  Void Ray x2  
  66  6:27  Probe x2  
  72  6:32  Protoss Air Armor Level 1  
  72  6:39  Probe x2  
  74  6:42  Fleet Beacon  
  74  6:47  Pylon  
  74  6:53  Pylon  
  74  6:58  Stargate  
  74  7:13  Nexus  
  74  7:26  Carrier  
  80  7:34  Pylon  
  80  7:37  Pylon  
  80  7:40  Carrier  
  79  8:06  Probe x2  
  79  8:08  Carrier  
  87  8:18  Probe  
  87  8:19  Probe  
  89  8:31  Probe x2  
  91  8:35  Carrier  
  91  8:37  Probe  
  98  8:43  Probe x2  
  88  8:49  Probe  
  88  8:55  Probe x2  
  87  9:01  Probe  
  87  9:02  Photon Cannon  
  88  9:04  Assimilator  
  88  9:05  Photon Cannon  
  88  9:07  Pylon, Probe, Assimilator  
  88  9:08  Probe  
  90  9:10  Pylon  
  90  9:13  Probe  
  90  9:14  Photon Cannon  
  91  9:17  Photon Cannon  
  91  9:22  Protoss Air Weapons Level 2  
  91  9:36  Carrier  
  91  9:39  Oracle  
  91  9:40  Probe  
  95  9:46  Probe x2  
  95  9:52  Probe  
  98  9:57  Carrier  
  104  10:05  Probe  
  105  10:16  Carrier  
  105  10:20  Probe x3  
  114  10:32  Probe  
  115  10:41  Carrier  
  121  11:00  Probe x3  
  130  11:12  Probe  
Show
View Real Time Build Order
Export as new Build Order

OpuS Protoss 

Build Orders:  

Get SALT Encoding   

  12  0:00  Probe  
  13  0:13  Probe  
  14  0:20  Pylon  
  14  0:25  Probe  
  15  0:39  Probe  
  15  0:40  Gateway  
  16  0:49  Probe  
  16  0:52  Assimilator  
  17  0:57  Probe  
  18  1:05  Probe  
  19  1:14  Probe  
  20  1:22  Probe  
  20  1:29  Cybernetics Core  
  21  1:33  Pylon  
  21  1:53  Nexus  
  21  1:56  Probe  
  23  2:08  Probe  
  23  2:15  Assimilator  
  23  2:18  Stalker  
  25  2:28  Probe  
  26  2:31  Warp Gate  
  26  2:32  Robotics Facility  
  25  2:52  Forge  
  25  2:58  Gateway  
  26  3:05  Probe  
  26  3:06  Probe  
  26  3:09  Stalker  
  29  3:13  Pylon  
  29  3:22  Observer  
  30  3:32  Probe x2  
  32  3:37  Gateway  
  32  3:39  Gateway  
  32  3:44  Probe  
  32  3:45  Probe  
  35  3:48  Observer  
  35  3:56  Probe  
  35  4:00  Photon Cannon  
  37  4:02  Probe  
  37  4:07  Pylon  
  30  4:29  Stalker x2  
  30  4:31  Probe x2  
  25  4:43  Probe  
  24  4:47  Stalker  
  24  4:48  Probe  
  27  5:00  Stalker  
  27  5:04  Probe  
  30  5:10  Probe  
  30  5:14  Stalker  
  33  5:32  Observer  
  33  5:33  Probe  
  33  5:34  Probe  
  36  5:39  Photon Cannon  
  36  5:42  Stalker  
  26  6:24  Probe  
  26  6:25  Probe  
  23  6:29  Pylon  
  23  6:31  Pylon  
  23  6:36  Probe  
  23  6:37  Probe  
  25  6:49  Probe x2  
  25  6:52  Observer  
  28  7:00  Stalker  
  28  7:01  Probe x2  
  32  7:13  Probe  
  33  7:18  Probe  
  34  7:25  Probe  
  33  7:34  Stalker x2  
  31  7:58  Assimilator  
  31  8:01  Pylon  
  30  8:27  Assimilator  
  30  8:38  Pylon  
  30  8:39  Gateway  
  30  8:40  Pylon  
  30  8:41  Gateway  
  30  8:42  Pylon  
  30  8:50  Probe x2  
  32  9:02  Probe x2  
  34  9:04  Pylon  
  34  9:12  Immortal  
  34  9:14  Probe x2  
  40  9:26  Probe x2  
  40  9:27  Stalker  
  40  9:29  Stalker  
  46  9:44  Twilight Council  
  46  9:47  Probe  
  46  9:48  Probe  
  48  9:54  Stalker  
  48  9:55  Immortal  
  48  9:59  Probe  
  55  10:08  Probe  
  55  10:11  Probe  
  51  10:37  Stalker x4  
  63  10:43  Immortal  
  63  10:47  Probe x2  
  55  10:59  Probe x2  
  55  11:16  Stalker x3  
  55  11:17  Stalker  
  55  11:22  Immortal  
  57  11:44  Stalker  
  57  11:45  Stalker x3  
Show
View Real Time Build Order
Export as new Build Order

Sketchaphone Zerg 

Build Orders: Hatch First 

Get SALT Encoding   

  12  0:02  Drone  
  13  0:17  Overlord  
  13  0:18  Drone  
  14  0:29  Extractor  
  14  0:37  Drone  
  15  0:45  Drone  
  16  0:57  Hatchery  
  16  1:01  Drone  
  16  1:04  Drone  
  17  1:19  Spawning Pool  
  17  1:23  Drone  
  17  1:26  Extractor  
  17  1:31  Drone  
  17  1:38  Drone  
  18  1:44  Drone  
  19  1:58  Drone  
  20  2:05  Queen  
  20  2:06  Overlord  
  22  2:14  Drone  
  23  2:18  Overlord  
  23  2:20  Zergling x2  
  24  2:24  Queen  
  24  2:27  Drone  
  27  2:35  Drone  
  28  2:53  Metabolic Boost  
  28  3:00  Queen, Drone  
  31  3:07  Drone  
  32  3:15  Zergling x2  
  32  3:17  Drone  
  34  3:24  Overlord  
  34  3:25  Drone  
  35  3:27  Hatchery  
  34  3:38  Drone  
  35  3:48  Spore Crawler  
  34  3:49  Spore Crawler  
  33  4:00  Drone  
  33  4:01  Overlord, Drone  
  33  4:02  Drone x3  
  38  4:03  Drone x2  
  38  4:04  Extractor  
  38  4:05  Drone  
  40  4:16  Drone  
  40  4:17  Zergling x2, Drone  
  42  4:39  Drone  
  42  4:45  Drone x4  
  47  4:46  Zergling x6  
  47  4:48  Extractor  
  47  4:49  Drone  
  47  4:50  Queen  
  52  4:53  Lair  
  52  4:56  Evolution Chamber  
  52  4:58  Evolution Chamber  
  49  5:24  Zerg Ground Armor Level 1  
  49  5:27  Zerg Melee Weapons Level 1  
  49  5:30  Drone x10  
  49  5:32  Extractor  
  58  5:53  Zergling x8  
  62  6:00  Spire  
  61  6:09  Zergling x2  
  62  6:19  Overlord, Drone x4, Extractor  
  62  6:22  Overlord x2  
  65  6:45  Pneumatized Carapace  
  65  6:50  Drone x2  
  67  6:55  Overlord x2, Drone x6  
  67  6:56  Overlord  
  67  6:57  Drone  
  67  6:58  Drone x2  
  67  7:00  Extractor  
  75  7:05  Drone  
  75  7:06  Overlord  
  76  7:23  Hatchery  
  76  7:28  Mutalisk x8  
  91  7:32  Zerg Flyer Weapons Level 1  
  91  7:38  Mutalisk x3  
  96  7:55  Mutalisk x4  
  97  8:04  Spore Crawler  
  96  8:06  Spore Crawler  
  96  8:07  Mutalisk x2  
  99  8:23  Mutalisk x2  
  100  8:49  Hatchery  
  100  8:54  Mutalisk  
  99  8:55  Hatchery  
  99  8:56  Overlord  
  99  8:57  Drone  
  99  9:02  Hatchery  
  85  9:35  Mutalisk x4  
  85  9:36  Mutalisk x5  
  85  9:37  Zergling x6  
  96  9:55  Mutalisk x3  
  98  10:08  Zergling x6  
  98  10:09  Zergling x2  
  98  10:11  Mutalisk x2  
  99  10:28  Zergling x10  
  74  10:30  Zergling x2  
  74  10:31  Zergling x2  
  73  10:41  Roach Warren, Zergling x6  
  54  10:51  Zergling x4  
  51  11:03  Spine Crawler  
  36  11:04  Spine Crawler x2  
  36  11:06  Spine Crawler x4  
  12  11:19  Drone x4  
  12  11:33  Drone x2  
Tags
 
Add a new tag
Caveats
  • Supply blocks, unpowered buildings, or Contaminate may cause inaccurate times.
  • Supply counts are checked every 10 seconds.